Oli, neutral female human Valkyrie #---------- ----------- ------- #|......... |.........| |......## #|........| #|.........| |.....| #|........-########|.........| |..<...#####|........| #[.........| |.....| -.----.--- #--|--------# ### --.---- ## ########### ## ##### # # # # I # #### ### ### ### ## #### # # #########%)####%#########` ######### ------.-|------- ------.-|-.--- |..............| |.......[....| |..............| |............| |..............| |........*...| |..*...........| |............| ---------------- -------------- Oli the Skirmisher Experience level: 4 Strength: 18/03 Dexterity: 11 Constitution: 18 Intelligence: 9 Wisdom: 7 Charisma: 8 Health: 0(42) Energy: 5(5) Def: 2 Gold: 524 Moves: 2017 Dungeon seed: al0e4HbbGkT9yHB2 Game ID: Oli_1504709892 Your Inventory: Coins $ - 524 gold pieces Weapons a - a blessed +2 silver spear (weapon in hand) b - a blessed +0 dagger Armor e - a blessed +3 small shield n - a blessed +0 leather armor (being worn) q - an uncursed +0 leather jacket Scrolls g - 3 uncursed scrolls of scare monster k - an uncursed scroll of identify Potions h - an uncursed potion of confusion i - an uncursed potion of gain ability j - an uncursed potion of healing p - a blessed potion of full healing Wands c - an uncursed wand of cold (0:4) Tools f - an uncursed oil lamp (0:1399) Spells and supernatural/magical abilities: Name Level Category Fail Memory W - pray for help -- divine ? -- Your skills at the end: Miscellaneous Skills shield [Basic] wands [Basic] stealth [Basic] Weapon Skills dagger [Basic] spear [Basic] Spellcasting Skills Final Attributes: You were devoutly aligned. You were cold resistant. You were very stealthy. You could fly. You were lucky. You are dead. Vanquished creatures: a gnome mummy a giant ant 2 floating eyes a dwarf an iguana a rothe a jitterbug a monkey a hobbit a gecko 2 cave spiders a red mold 2 gnome zombies 4 jackals a kobold 5 newts 3 sewer rats 5 grid bugs 3 lichens 37 creatures vanquished. Voluntary challenges: You did not adorn yourself with jewelry or accessories. You did not cause conflict. You were not invisible. You did not have reflection. You were not displaced. You used a wielded weapon 46 times, starting on turn 14. You did not use tools. You did not use plumbed fixtures. You did not drink any magical draughts. You read items or engraved 1 time, starting on turn 1298. You never genocided any monsters. You never polymorphed an object. You never changed form. You used no wishes. You never split a pudding. You never wrote Elbereth's name. You never violated your personal moral code. Dungeon overview: The Dungeons of Doom: levels 1 to 6 Level 1 a long staircase Level 2 Level 3 Level 4 an altar to Odin, a fountain Level 5 a fountain Level 6 <- You were here History has recorded: On T:1 you entered the Dungeons of Doom to retrieve the Amulet of Yendor! On T:374 you reached level 2 of The Dungeons of Doom. On T:694 you advanced to experience level 2. On T:707 you reached level 3 of The Dungeons of Doom. On T:745 you reached level 4 of The Dungeons of Doom. On T:875 you prayed to Odin. On T:960 you advanced to experience level 3. On T:999 you reached level 5 of The Dungeons of Doom. On T:1317 you reached level 6 of The Dungeons of Doom. On T:1680 you advanced to experience level 4. Score breakdown: Gold: 524 ( 52 points) Experience: 4 levels ( 300 points) Exploration: 6 levels ( 150 points) Discoveries: 6 items ( 300 points) Variety of kills: 19 monsters ( 950 points) Major goal: (nothing yet) ( 0 points) Survival: died (score multiplied by 3) Total score: 5256 Latest messages: You see here a mummy wrapping. You faint from lack of food. You come to. You faint from lack of food. You come to. The door opens. The giant ant bites! (3x) You jab the giant ant! The giant ant bites! The giant ant just misses! The giant ant bites! (4x) You jab the giant ant! The giant ant bites! You kill the giant ant! You see here a T-shirt. You faint from lack of food. Something bites! You come to. The giant ant just misses! You faint from lack of food. Something bites! (3x) You die... Final status: Farvel Oli the Valkyrie, killed by a giant ant, while fainted from lack of food... You died in The Dungeons of Doom on dungeon level 6 with 5256 points, and 524 pieces of gold, after 2017 moves. You were level 4 with a maximum of 42 hit points when you died.